AoeStats
← Cuervo

Arabia

506759516Analyzed
3v3 RM · 17d ago on Sep 15, 2026· 28m 32s· 6 players
Game mode
Random Map
Map size
Normal (6 player)
Population
200
Speed
Normal
Resources
Standard
Victory
Conquest
Starting age
Dark Age
Ending age
Imperial Age
RankedLock teamsTeams togetherTeam positionsShared explorationLock speedFull tech treeHidden civsTurbo modeCheats
Victory
Defeat
🇨🇱 Sicilians · Chile
1198
+10
🇨🇱 Slavs · Chile
1098
+14
🇨🇱 Maya · Chile
1098
+14
🇨🇱 Saracens · Chile
1130
-15
🇦🇷 Koreans · Argentina
1036
-12
🇦🇷 Bulgarians · Argentina
1024
-11
Coyote
6:01 Loom
9:15 Feudal Age
10:12 Double-Bit Axe
13:13 Fletching
13:46 Horse Collar
19:29 Wheelbarrow
22:25 Castle Age
21:35 Scale Mail Armor
21:46 Forging
21:23 Arson
21:32 Gold Mining
21:34 Stone Mining
23:27 Hand Cart
23:38 Heavy Plow
24:18 Hand Cart
25:44 Chain Mail Armor
26:27 Iron Casting
26:29 Squires
tojoka
7:19 Loom
9:57 Feudal Age
10:37 Double-Bit Axe
11:34 Horse Collar
14:33 Scale Barding Armor
15:08 Forging
19:17 Bloodlines
21:28 Wheelbarrow
23:42 Castle Age
23:47 Light Cavalry
24:28 Husbandry
24:51 Chain Barding Armor
25:07 Iron Casting
25:23 Bow Saw
28:20 Scale Mail Armor
Smitty
0:26 Loom
9:12 Feudal Age
9:54 Double-Bit Axe
13:03 Fletching
17:17 Padded Archer Armor
20:08 Castle Age
20:26 Wheelbarrow
19:38 Horse Collar
20:09 Crossbowman
20:47 Bodkin Arrow
22:06 Gold Mining
22:11 Town Watch
25:49 Heavy Plow
27:55 Ballistics
Cuervo
6:56 Loom
10:46 Feudal Age
11:25 Double-Bit Axe
17:01 Fletching
25:33 Castle Age
26:33 Pikeman
26:49 Crossbowman
Gitu
4:38 Loom
10:52 Feudal Age
27:31 Castle Age
VZ | Thyrfing
5:58 Loom
9:16 Feudal Age
15:35 Fletching
16:38 Padded Archer Armor
21:54 Horse Collar
27:08 Castle Age
26:41 Gold Mining
27:17 Crossbowman
28:09 Bodkin Arrow
Connection lost

Rejoining the realm…

Still unreachable

The connection could not be restored.

Session expired

The server has moved on; the page needs a fresh start.